 Dungeon Crawl Stone Soup version 0.31-a0-246-g8cbcc1cb85 (webtiles) character file.

Game seed: 1162989561431204323

81 gruber the Trooper (level 4, -3/37 HPs)
             Began as a Demonspawn Shapeshifter on July 13, 2023.
             Killed from afar by an orc wizard (8 damage)
             ... with a magic dart
             ... on level 3 of the Dungeon.
             The game lasted 00:02:12 (2085 turns).

gruber the Trooper (Demonspawn Shapeshifter)        Turns: 2085, Time: 00:02:13

Health: -3/37      AC:  2    Str: 17    XL:     4   Next: 19%
Magic:  4/4        EV: 12    Int:  9    God:
Gold:   147        SH:  0    Dex: 16    Spells: 3/3 levels left

rFire   . .          .
                       - Unarmed
rCold   . . .        (no shield)
rNeg    . . .        a - +0 animal skin
rPois   .            (helmet currently unavailable)
rElec   .            (cloak currently unavailable)
rCorr   .            (gloves currently unavailable)
SInv    .            (boots currently unavailable)
Will    .....        (no amulet)
Stlth   ++           (no ring)
HPRegen 0.26/turn    (no ring)
MPRegen 0.09/turn

%: no passive effects
@: beast-form
A: beast (slay +1), thin skeletal structure 1
a: no special abilities


You were on level 3 of the Dungeon.
You were a hulking beast.
You visited 1 branch of the dungeon, and saw 3 of its levels.

You collected 147 gold pieces.

Inventory:

Armour
 a - a +0 animal skin (worn)
Talismans
 c - a beast talisman
 j - a blade talisman
Wands
 i - a wand of polymorph (11)
Scrolls
 d - a scroll of immolation {unknown}
 f - 2 scrolls of identify {unknown}
Potions
 b - a potion of lignification
 e - 2 potions of curing {unknown}
 g - a potion of cancellation {unknown}
 h - a potion of ambrosia {unknown}
 k - a potion of resistance {unknown}


   Skills:
 - Level 4.1 Fighting
 * Level 2.3 Dodging
 - Level 1.7 Unarmed Combat
 - Level 2.6 Shapeshifting


You had 3 spell levels left.
You didn't know any spells.
Your spell library contained the following spells:

 Spells                   Type           Power      Damage    Failure   Level
 Magic Dart               Conj           0%         1d3       38%         1
 Call Imp                 Summ           0%         N/A       52%         2
 Mephitic Cloud           Conj/Pois/Air  0%         N/A       77%         3
 Volatile Blastmotes      Fire/Tloc      0%         2d10      77%         3
 Fulminant Prism          Conj/Hex       0%         3d5       99%         4
 Iskenderun's Mystic Bla  Conj/Tloc      0%         2d3       99%         4
 Summon Ice Beast         Ice/Summ       0%         N/A       99%         4
 Summon Mana Viper        Hex/Summ       0%         N/A       100%        5
 Monstrous Menagerie      Summ           0%         N/A       100%        7


Dungeon Overview and Level Annotations

Branches:
Dungeon (3/15)

Altars:
Sif Muna


Innate Abilities, Weirdness & Mutations

You are a hulking beast.
Your limbs bulge with bestial killing power. (Slay +1)
You have a somewhat thin skeletal structure. (Dex +2, Stealth+)


Message History

A puff of flame appears from out of thin air!
The puff of flame hits you!
No target in view!
No target in view!
No target in view!
No target in view!
No target in view!
No target in view!
No target in view!
No target in view!
No target in view!
No target in view!
No target in view!
No target in view!
No target in view!
No target in view!
Something hits you.
Items here: )) [ ††.
You closely miss something. Something hits you.
You miss something. You punch something. Something hits you.
You hit something. Something hits you.
You hit something. Something hits you.
You hit something. Something barely misses you.
You hit something but do no damage. Something hits you.
You hit something but do no damage. Something hits you.
You closely miss something. Something hits you but does no damage.
You hit something but do no damage. Something hits you.
You barely miss something. Something hits you.
* * * LOW HITPOINT WARNING * * *
You closely miss something. You punch something. Something hits you.
* * * LOW HITPOINT WARNING * * *
You barely miss something.
You hear some strange, mumbled words.
Something hits you.
* * * LOW HITPOINT WARNING * * *
You hit something.
You hear some strange, mumbled words.
A magic dart appears from out of thin air!
The magic dart hits you!
You die...

#.#....#.##
...#.#.##.# #
...........#
......#.#..#
#...###.#..#
........#..######
## ##.........#
.###########.####.#
.....{{h.....#
.#############


There were no monsters in sight!

Vanquished Creatures
  2 adders (D:2)
  2 worms (D:2)
  A dart slug (D:1)
  2 orcs (D:3)
  7 endoplasms
  2 giant cockroaches (D:1)
  3 hobgoblins
  7 kobolds
  3 quokkas (D:1)
  6 ball pythons
  6 bats
  5 frilled lizards
  2 goblins
  7 rats
55 creatures vanquished.

Notes
Turn   | Place    | Note
-------+----------+-------------------------------------------
     0 | D:1      | gruber the Demonspawn Shapeshifter began the quest for the
                  | Orb.
     0 | D:1      | Reached XP level 1. HP: 16/16 MP: 1/1
   168 | D:1      | Gained mutation: You have a somewhat thin skeletal
                  | structure. (Dex +2, Stealth+) [demonic ancestry]
   168 | D:1      | Reached XP level 2. HP: 23/23 MP: 2/2
   261 | D:1      | Reached skill level 3 in Fighting
   775 | D:1      | Reached XP level 3. HP: 29/29 MP: 3/3
   880 | D:1      | Found a faded altar of an unknown god.
  1113 | D:2      | Reached skill level 4 in Fighting
  1199 | D:2      | Found a shimmering blue altar of Sif Muna.
  1636 | D:2      | Identified the +1 leather armour of the Eternal Void {Fly
                  | rN+ Int-4}
  1690 | D:2      | Reached XP level 4. HP: 37/37 MP: 4/4
  2085 | D:3      | Killed from afar by an orc wizard

Illustrated notes

Levels and vault maps discovered:
D:1:      wheals_arrival_shading, layout_basic,
          dreamdust_ecumenical_altar_angels_and_demons, minmay_misc_feat_tiny,
          minmay_tiny_reverse_x
D:2:      layout_basic, basic_altar, kennysheep_generic_room_11
D:3:      layout_basic, mainiacjoe_overflow_surrounded_room,
          mainiacjoe_overflow_boulevard, uniq_crazy_yiuf_cottage

Skill      XL: |  1  2  3 |
---------------+----------+-----
Fighting       | 3 4 |  4.1
Dodging        | 2 |  2.3
Unarmed Combat | |  1.7
Shapeshifting  | |  2.6

Action                     |  1- 3 |  4- 6 || total
---------------------------+-------+-------++-------
  Melee: Unarmed           |   158 |    48 ||   206
         Punch             |       |     2 ||     2
   Stab: Sleeping          |    10 |     1 ||    11
         Distracted        |       |     1 ||     1
 Armour: Animal skin       |    26 |     5 ||    31
  Dodge: Dodged            |   103 |    15 ||   118

Table legend: (Time is in decaauts)
 A = Elapsed time spent in this place.
 B = Non-inter-level travel time spent in this place.
 C = Inter-level travel time spent in this place.
 D = Time resting spent in this place.
 E = Time spent auto-exploring this place.
 F = Levels seen in this place.
 G = Mean time per level.
                   A        B        C        D        E       F      G
               +--------+--------+--------+--------+--------+-----+--------+
         Total |   2078 |   1983 |     95 |     76 |   1458 |   3 |  692.7 |
       Dungeon |   2078 |   1983 |     95 |     76 |   1458 |   3 |  692.7 |
               +--------+--------+--------+--------+--------+-----+--------+

Top non-repeatable levels by time:
     D:1: 1087 daAuts
     D:2: 911 daAuts
     D:3: 79 daAuts
